 Dungeon Crawl Stone Soup version 0.30.1-9-gdf580d7c3d (webtiles) character file.

Game seed: 17320822423570278341

148 Ivernyr the Ruffian (level 5, -2/46 HPs)
             Began as a Ghoul Monk on Oct 4, 2023.
             Killed from afar by Ijyb (9 damage)
             ... with a puff of flame
             ... on level 4 of the Dungeon.
             The game lasted 00:03:14 (1861 turns).

Ivernyr the Ruffian (Ghoul Monk)                    Turns: 1861, Time: 00:03:15

Health: -2/46      AC:  9    Str: 17    XL:     5   Next: 30%
Magic:  4/4        EV:  8    Int:  5    God:
Gold:   211        SH:  0    Dex: 11    Spells: 4/4 levels left

rFire   . .          .
                       - Unarmed
rCold   + . .        c - orb {light}
rNeg    + + +        a - +0 chain mail
rPois   ∞            (no helmet)
rElec   .            (no cloak)
rCorr   .            (no gloves)
SInv    .            o - +0 pair of boots
Will    .....        (no amulet) Stlth
                     (no ring)
HPRegen 0.00/turn    (no ring)
MPRegen 0.09/turn

%: no passive effects
@: confused, ambrosia-drunk, inhibited regen, glowing
A: claws 1, cold resistance 1, negative energy resistance 3, inhibited
regeneration, torment resistance 2, devour on kill
a: no special abilities


You were on level 4 of the Dungeon.
You visited 1 branch of the dungeon, and saw 4 of its levels.

You collected 211 gold pieces.

Inventory:

Armour
 a - a +0 chain mail (worn)
 c - an orb of light (worn)
 o - a +0 pair of boots (worn)
Scrolls
 d - 3 scrolls of teleportation {unknown}
 e - 4 scrolls of identify {unknown}
 h - a scroll of vulnerability {unknown}
 l - a scroll of immolation {unknown}
 n - a scroll of fear {unknown}
Potions
 f - 2 potions of might {unknown}
 g - 3 potions of curing {unknown}
 i - a potion of brilliance {unknown}
 j - a potion of mutation {unknown}
 k - a potion of berserk rage {unknown}
 m - a potion of invisibility {unknown}


   Skills:
 + Level 4.0 Fighting
 + Level 1.6 Armour
 + Level 3.3 Dodging
 * Level 4.8 Unarmed Combat


You had 4 spell levels left.
You didn't know any spells.
Your spell library contained the following spells:

 Spells                   Type           Power      Damage    Failure   Level
 Magic Dart               Conj           0%         1d3       99%         1
 Necrotise                Necr           0%         1d4       99%         1
 Summon Small Mammal      Summ           0%         N/A       99%         1
 Searing Ray              Conj           0%         2d4       100%        2
 Vampiric Draining        Necr           0%         2d6       100%        3
 Fulminant Prism          Conj/Hex       0%         3d5       100%        4
 Agony                    Necr           0%         N/A       100%        5


Dungeon Overview and Level Annotations

Branches:
Dungeon (4/15)
 Temple: D:4-7

Altars:

Annotations:
D:4 Ijyb


Innate Abilities, Weirdness & Mutations

You are immune to poison.
You have sharp fingernails.
Your flesh is cold resistant. (rC+)
You are immune to negative energy. (rN+++)
You do not regenerate when monsters are visible.
You are immune to unholy pain and torment.
You thrive by killing the living.


Message History

Ijyb hits you with a +5 dagger of protection.
You scratch the goblin.
You kill the goblin!
You feel better. Ijyb attacks as you move away!
Ijyb hits you but does no damage.
Ijyb zaps a wand.
The puff of flame hits you but does no damage.
You see here a +0 dagger.
Ijyb zaps a wand.
The puff of flame hits you but does no damage.
You scratch Ijyb.
Ijyb is lightly wounded.
Ijyb zaps a wand.
The puff of flame misses you.
You claw Ijyb!
Ijyb is moderately wounded.
Ijyb zaps a wand.
The puff of flame hits you.
You completely miss Ijyb.
Ijyb is moderately wounded.
Ijyb hits you with a +5 dagger of protection.
You scratch Ijyb.
Ijyb is heavily wounded.
Ijyb hits you with a +5 dagger of protection.
You scratch Ijyb but do no damage.
Ijyb is heavily wounded.
Ijyb hits you but does no damage.
You closely miss Ijyb.
Ijyb is heavily wounded.
Ijyb hits you with a +5 dagger of protection.
* * * LOW HITPOINT WARNING * * *
You scratch Ijyb.
Ijyb is heavily wounded.
Ijyb hits you with a +5 dagger of protection.
* * * LOW HITPOINT WARNING * * *
You scratch Ijyb.
Ijyb is severely wounded.
Ijyb hits you with a +5 dagger of protection.
* * * LOW HITPOINT WARNING * * *
You are confused.
You feel invigorated.
Ijyb zaps a wand.
The puff of flame hits you!
You die...

.. ...............#....
.........................
..... ........†......<...
.....##.##.......#.......
.................#.......
................|........
..........#..............
#.......).#............##
........@.............##
........g.........#####
....#.......###..## ##.
#.......# #.##
#........#..####
#.......#...#
#...........#
#....#.......
.....##!.....#


You could see Ijyb.

Vanquished Creatures
  A howler monkey (D:4)
  5 adders
  A dart slug (D:1)
  An orc (D:3)
  5 ball pythons
  5 bats
  5 endoplasms
  2 giant cockroaches
  5 goblins
  3 hobgoblins (D:1)
  12 kobolds
  4 quokkas
  4 frilled lizards (D:1)
  7 rats
60 creatures vanquished.

Notes
Turn   | Place    | Note
-------+----------+-------------------------------------------
     0 | D:1      | Ivernyr the Ghoul Monk began the quest for the Orb.
     0 | D:1      | Reached XP level 1. HP: 19/19 MP: 0/0
   167 | D:1      | Found a faded altar of an unknown god.
   179 | D:1      | Reached XP level 2. HP: 18/26 MP: 1/1
   231 | D:1      | Got Plato's Vellum of Companions
   547 | D:1      | Reached XP level 3. HP: 31/31 MP: 2/2
   775 | D:2      | Reached skill level 1 in Armour
   879 | D:2      | Reached XP level 4. HP: 37/40 MP: 3/3
  1840 | D:4      | Noticed Ijyb
  1847 | D:4      | Reached XP level 5. HP: 32/46 MP: 4/4
  1861 | D:4      | Killed from afar by Ijyb

Illustrated notes

Levels and vault maps discovered:
D:1:      dpeg_arrival_pond, layout_loops_cross,
          shapermc_ecumenical_altar_rom_forum
D:2:      layout_rooms
D:3:      layout_loops_ring, dreamdust_wishing_well
D:4:      layout_cave_pools, mainiacjoe_overflow_alcove_1, uniq_blork_the_orc,
          uniq_ijyb, uniq_menkaure

Skill      XL: |  1  2  3  4 |
---------------+-------------+-----
Armour         | 1 |  1.6
Dodging        | 3 |  3.3
Unarmed Combat | 4 |  4.8
Fighting       | 4 |  4.0

Action                     |  1- 3 |  4- 6 || total
---------------------------+-------+-------++-------
  Melee: Unarmed           |    84 |    56 ||   140
    Use: Potion            |       |     1 ||     1
 Armour: Robe              |    11 |     8 ||    19
         Chain mail        |       |    13 ||    13
  Dodge: Dodged            |    49 |    30 ||    79
